Map: Яганната РВ

Players

Dervish

  • Race: Terran Terran
  • League: Master

Kantara - Winner!

  • Race: Zerg Zerg
  • League: Master

VOD

Have the link to the VOD?

Description

Time

  • Played on: Aug. 17, 2021, 7:12 a.m.
  • Length: 18:47
Show
View Real Time Build Order
Export as new Build Order

Dervish Terran 

Build Orders: Reaper Expand 

Get SALT Encoding   

  12  0:01  SCV  
  13  0:14  SCV  
  14  0:19  Supply Depot  
  14  0:27  SCV  
  15  0:41  SCV  
  15  0:42  Barracks  
  16  0:53  SCV  
  17  0:59  Refinery  
  17  1:05  SCV  
  18  1:17  SCV  
  19  1:32  Orbital Command  
  19  1:42  Reaper  
  20  1:47  Command Center  
  20  1:56  Supply Depot  
  20  1:57  SCV  
  21  2:13  SCV  
  21  2:14  Marine  
  23  2:20  Factory  
  23  2:25  SCV  
  24  2:37  SCV  
  24  2:42  Barracks Reactor  
  25  2:54  SCV  
  25  2:57  Command Center  
  25  3:06  Orbital Command, SCV  
  26  3:14  Starport  
  26  3:17  Refinery  
  26  3:18  SCV  
  27  3:30  SCV  
  27  3:32  SCV  
  29  3:34  Supply Depot  
  29  3:35  Hellion  
  29  3:37  Hellion  
  33  3:42  Barracks Tech Lab  
  33  3:43  SCV  
  33  3:44  SCV  
  35  3:54  Viking  
  35  3:55  SCV  
  38  3:56  SCV  
  38  4:01  Hellion x2  
  43  4:07  Supply Depot  
  44  4:10  SCV x3  
  44  4:14  Marine  
  44  4:15  Stimpack  
  47  4:22  SCV x2  
  47  4:23  SCV  
  50  4:34  SCV x2  
  50  4:36  Orbital Command  
  52  4:39  Barracks  
  52  4:44  Barracks  
  50  4:54  Engineering Bay  
  50  4:55  Engineering Bay  
  49  5:08  Barracks, Orbital Command  
  49  5:09  SCV x2  
  49  5:10  Barracks  
  49  5:13  Marine  
  54  5:14  Hellion x2  
  52  5:37  SCV x2  
  52  5:40  Terran Infantry Weapons Level 1  
  52  5:41  Terran Infantry Armor Level 1  
  54  5:44  Barracks Reactor  
  54  5:45  Barracks Reactor  
  54  5:50  Starport Reactor  
  54  5:52  Widow Mine x2  
  54  5:56  Barracks, SCV  
  54  5:57  SCV x2  
  61  5:58  Barracks  
  61  5:59  Refinery  
  61  6:03  Combat Shield  
  61  6:06  Barracks Reactor x2  
  61  6:08  SCV  
  61  6:09  SCV x2  
  64  6:16  Refinery  
  64  6:17  Supply Depot  
  64  6:18  Supply Depot  
  64  6:32  SCV x2  
  66  6:33  SCV, Marine  
  66  6:34  Marine x4  
  66  6:35  Medivac  
  66  6:36  Medivac  
  76  6:44  Supply Depot, Command Center  
  76  6:46  Supply Depot  
  76  6:51  Marine  
  76  6:52  Marauder  
  79  6:56  SCV x3, Marine  
  79  6:57  Marine x7  
  90  7:03  Armory  
  90  7:05  Supply Depot x2  
  90  7:08  SCV x3  
  92  7:13  Supply Depot  
  92  7:14  Marauder  
  95  7:20  SCV x2, Marine x4  
  95  7:21  Marine x4  
  105  7:35  Marauder  
  105  7:41  Marine x7  
  105  7:42  Marine x3  
  111  7:51  Terran Infantry Weapons Level 2  
  111  7:52  Terran Infantry Armor Level 2  
  111  7:56  Marine  
  109  8:08  Medivac x2  
  109  8:10  Widow Mine x2  
  117  8:17  Marine x5  
  117  8:18  Marine x5  
  117  8:19  Marauder  
  129  8:35  Barracks, Marine x6  
  129  8:36  Barracks  
  129  8:37  Barracks Tech Lab  
  129  8:38  Barracks Tech Lab, Medivac x2  
  129  8:40  Marauder  
  136  8:51  Factory  
  110  9:02  Marauder  
  108  9:04  Marine x7  
  108  9:05  Marine x2  
  108  9:06  Marauder  
  108  9:08  Medivac x2  
  108  9:09  Refinery, Planetary Fortress  
  123  9:10  Refinery  
  123  9:12  SCV x3  
  126  9:21  Marine  
  126  9:22  Marine x4  
  126  9:23  Marauder x2  
  135  9:24  SCV x2  
  135  9:27  Concussive Shells  
  137  9:34  SCV  
  137  9:36  SCV x2  
  137  9:38  Starport  
  140  9:40  Factory Tech Lab  
  140  9:41  Widow Mine  
  140  9:42  Medivac, Widow Mine, Marine x2  
  148  10:10  Marine  
  148  10:11  SCV  
  148  10:12  Marine  
  148  10:15  SCV, Marine  
  148  10:27  Barracks Tech Lab x2  
  148  10:34  Starport Reactor  
  148  10:38  Fusion Core, Terran Infantry Weapons Level 3, Terran Vehicle Weapons Level 1  
  148  10:44  Marine  
  148  10:45  Marine  
  148  10:47  Marine  
  148  10:48  SCV, Marine x3  
  148  10:50  Marine  
  148  10:52  Marine x3  
  148  10:53  Marine  
  148  10:56  Marine x2  
  148  11:02  Drilling Claws  
  148  11:20  Command Center  
  148  11:27  Supply Depot, Command Center  
  148  11:29  Supply Depot  
  148  11:31  Supply Depot  
  148  11:39  Sensor Tower  
  148  11:45  Command Center  
  148  11:49  Medivac x2, SCV, Marine x3  
  148  11:50  Medivac x2, Marine x4  
  148  11:52  Marine x6, Supply Depot  
  148  11:53  Supply Depot x3  
  170  11:54  Advanced Ballistics  
  149  12:06  Marine  
  149  12:07  Marauder  
  149  12:08  Marauder, Marine  
  153  12:10  Marauder x2, Marine x4  
  158  12:19  Medivac  
  158  12:20  Medivac  
  141  12:24  Marine x4  
  141  12:26  Marauder  
  141  12:28  Marauder, Marine x4  
  141  12:29  Marine  
  150  12:32  Marauder x2  
  150  12:35  Widow Mine x3  
  150  12:36  Liberator  
  150  12:37  Liberator  
  156  12:42  Marine x4  
  160  12:45  Marine x3  
  160  12:48  Liberator, Marauder  
  160  12:50  Liberator, Marine  
  160  12:51  Marine x2  
  166  12:53  Marine  
  166  12:54  Marine  
  150  12:59  Marine  
  150  13:00  Marine x2  
  150  13:04  Marine x2  
  150  13:05  Marine  
  134  13:08  Marine x2  
  134  13:09  Marauder, Marine  
  134  13:10  Widow Mine, Marine  
  134  13:11  Widow Mine x2  
  138  13:17  Marine  
  119  13:27  Marine  
  119  13:28  Marine x4  
  119  13:29  Marauder  
  126  13:35  Orbital Command  
  119  13:49  Marine x7  
  119  13:50  Marine x3  
  119  13:51  Marauder  
  121  14:06  Terran Infantry Armor Level 3  
  121  14:08  Marauder x2  
  125  14:12  Marauder, Marine x6  
  133  14:20  Planetary Fortress  
  133  14:26  Orbital Command  
  133  14:30  Marauder x2  
  135  14:32  Refinery  
  135  14:33  Marine x6  
  135  14:34  Marauder, Marine x2  
  135  14:35  Refinery  
  135  14:36  SCV x2  
  135  14:37  SCV  
  148  14:48  SCV  
  148  14:49  Liberator, SCV x2  
  148  14:50  Liberator, Marine x2  
  148  14:51  Medivac x2, Marauder, Marine x4  
  148  14:52  Marine  
  170  14:55  Widow Mine, Marauder  
  173  15:00  SCV  
  174  15:08  Orbital Command  
  174  15:09  Marauder  
  174  15:12  Marauder  
  173  15:25  Marine  
  173  15:26  Marine x4  
  173  15:27  Marine  
  179  16:11  SCV x3, Marauder x3, Marine  
  179  16:12  Refinery  
  179  16:13  Refinery  
  179  16:18  Marine  
  177  16:46  Marine  
  164  16:47  SCV x2, Marauder x2, Marine x2  
  164  16:48  SCV, Marine x4  
  148  16:55  Marine x2  
  148  17:00  SCV  
  151  17:04  Marine  
  151  17:05  Marine x2  
  151  17:06  Marine x2  
  151  17:08  Marauder  
  157  17:13  Command Center x2  
  157  17:14  Marine x5  
  159  17:22  Marine  
  160  17:29  Marauder  
  162  17:32  Command Center  
  162  17:33  Marauder  
  164  17:38  Marine  
  164  17:40  Marine  
  164  17:41  Marine x3  
  164  17:42  Marauder, Marine x2  
  150  17:53  Marauder  
  150  17:54  Marauder  
  126  18:02  Marine x3  
  126  18:03  Marauder  
  123  18:07  Marine x2  
  123  18:08  Marine x3  
  128  18:14  Marine  
  128  18:15  Marine  
  130  18:24  Marauder, Marine x3  
Show
View Real Time Build Order
Export as new Build Order

Kantara Zerg - Winner!

Build Orders: Hatch First 

Get SALT Encoding   

  12  0:00  Drone  
  13  0:12  Overlord  
  13  0:17  Drone  
  14  0:30  Drone x2  
  16  0:49  Hatchery  
  15  0:53  Drone  
  15  0:56  Drone  
  17  0:59  Drone  
  18  1:10  Extractor  
  17  1:16  Spawning Pool  
  16  1:18  Drone  
  16  1:22  Drone  
  18  1:28  Drone  
  19  1:50  Overlord  
  19  1:58  Drone  
  20  2:03  Queen x2  
  20  2:05  Drone  
  25  2:10  Zergling x2  
  25  2:11  Zergling x2  
  25  2:13  Metabolic Boost  
  27  2:32  Hatchery  
  26  2:53  Queen  
  26  2:54  Drone x4  
  32  2:58  Drone  
  33  3:15  Drone x3  
  33  3:19  Overlord  
  36  3:20  Overlord  
  36  3:40  Drone  
  36  3:41  Drone x5  
  42  3:46  Baneling Nest  
  41  3:55  Queen  
  41  4:00  Drone x4  
  41  4:01  Drone x2  
  49  4:04  Extractor  
  49  4:06  Extractor  
  49  4:09  Lair  
  47  4:16  Overlord x2  
  47  4:23  Drone  
  48  4:24  Drone x2  
  48  4:25  Drone  
  48  4:26  Drone, Evolution Chamber  
  48  4:27  Evolution Chamber  
  50  4:45  Queen x2  
  54  4:46  Zergling x2  
  54  4:48  Zergling x2  
  55  4:56  Zerg Melee Weapons Level 1  
  55  4:57  Zerg Ground Armor Level 1  
  54  5:08  Zergling x14  
  61  5:20  Queen  
  62  5:25  Centrifugal Hooks  
  61  5:39  Overlord  
  61  5:40  Overlord x4  
  61  6:05  Drone x12  
  61  6:06  Drone  
  73  6:40  Zergling x2  
  73  6:41  Hatchery, Zergling x18  
  82  6:49  Extractor  
  82  6:50  Extractor  
  82  6:52  Baneling x4  
  82  6:53  Baneling x8  
  80  7:12  Zergling x20  
  80  7:13  Zergling x2  
  91  7:22  Drone x3  
  94  7:31  Hatchery  
  92  7:45  Zergling x12  
  98  7:54  Zerg Ground Armor Level 2, Zerg Melee Weapons Level 2  
  92  8:16  Infestation Pit  
  91  8:24  Drone, Hydralisk Den  
  91  8:25  Drone x13  
  104  8:32  Overlord  
  104  8:33  Overlord x5  
  81  8:57  Zergling x2  
  81  8:58  Zergling x28  
  87  9:15  Grooved Spines  
  87  9:16  Hydralisk x2  
  87  9:17  Hydralisk x7  
  101  9:36  Drone x2  
  101  9:37  Drone x9  
  112  9:40  Baneling x12  
  112  9:41  Baneling x11  
  112  9:46  Queen  
  113  9:57  Zergling x8  
  113  9:58  Zergling x12  
  122  10:01  Queen  
  120  10:08  Infestation Pit  
  120  10:10  Zerg Missile Weapons Level 1  
  116  10:19  Baneling  
  116  10:20  Baneling x3  
  116  10:27  Muscular Augments  
  116  10:30  Extractor  
  116  10:32  Extractor, Hydralisk  
  116  10:33  Hatchery, Hydralisk x11  
  122  10:56  Hydralisk  
  122  10:57  Hydralisk x5  
  130  11:10  Hatchery  
  129  11:18  Zergling x2  
  129  11:19  Zergling x16  
  129  11:20  Zergling x2  
  129  11:21  Zergling x2  
  140  11:48  Extractor  
  122  12:04  Zergling x2  
  122  12:05  Zergling x32  
  135  12:26  Zergling x2  
  135  12:27  Zergling x24  
  146  12:34  Hive  
  122  13:09  Drone  
  122  13:10  Drone x15  
  122  13:11  Drone x2  
  131  13:34  Zergling x22  
  131  13:35  Zergling x2  
  142  13:46  Lurker Den  
  142  13:47  Adrenal Glands  
  135  13:58  Extractor  
  135  14:00  Extractor  
  131  14:06  Baneling x11  
  131  14:07  Baneling x5  
  131  14:08  Baneling x11  
  131  14:09  Baneling x3  
  131  14:16  Zerg Missile Weapons Level 2, Zerg Ground Armor Level 3  
  131  14:17  Queen  
  131  14:21  Queen  
  135  14:24  Hatchery, Drone  
  135  14:25  Drone x18  
  152  14:32  Hydralisk  
  152  14:33  Hydralisk  
  152  14:37  Overlord x3  
  152  14:38  Overlord x3  
  156  14:47  Adaptive Talons  
  156  14:58  Hydralisk  
  156  14:59  Hydralisk x4  
  166  15:00  Hydralisk  
  167  15:14  Hydralisk x6  
  161  15:15  Hydralisk  
  173  15:44  Seismic Spines  
  173  15:54  Zergling x2  
  173  15:55  Zergling x50  
  199  16:01  Hatchery  
  199  16:03  Neural Parasite, Pathogen Glands  
  193  16:36  Baneling x7  
  193  16:37  Hydralisk  
  193  16:38  Hydralisk x2  
  174  16:54  Hydralisk x2  
  174  16:55  Hydralisk x11  
  197  17:11  Baneling x2  
  197  17:12  Lurker  
  197  17:13  Lurker  
  199  17:25  Extractor  
  199  17:26  Extractor  
  187  18:08  Lurker x4  
Tags
 
Add a new tag
Caveats
  • Supply blocks, unpowered buildings, or Contaminate may cause inaccurate times.
  • Supply counts are checked every 10 seconds.